 Dungeon Crawl Stone Soup version 0.30-a0-870-gc5d4c5acee (webtiles) character file.

Game seed: 10702278809978660141

1096 Rocko1345 the Shooter (level 8, -4/54 (67) HPs)
             Began as a Minotaur Hunter on Mar 11, 2023.
             Slain by a gnoll sergeant
             ... wielding a +0 spear of venom
              (7 damage)
             ... on level 5 of the Dungeon.
             The game lasted 00:13:41 (5489 turns).

Rocko1345 the Shooter (Minotaur Hunter)             Turns: 5489, Time: 00:13:42

HP:   -4/54 (67)    AC: 13    Str: 16    XL:     8   Next: 10%
MP:   2/2           EV:  8    Int:  6    God:
Gold: 267           SH:  0    Dex: 22    Spells: 7/7 levels left

rFire   . . .      SeeInvis .    c - +3 flail (antimagic)
rCold   . . .      Faith    .    (no shield)
rNeg    . . .      Spirit   .    B - +3 chain mail {rPois}
rPois   +          Reflect  .    (helmet restricted)
rElec   .          Rampage  .    w - +0 cloak
rCorr   .                        (no gloves)
Will    .....                    (no boots) Stlth
                                 (no amulet)
HPRegen 0.29/turn                m - +6 ring of dexterity
MPRegen 0.08/turn                (no ring)

@: lethally poisoned (-4 -> -7), heavily drained
A: horns 2, retaliatory headbutt
a: no special abilities


You were on level 5 of the Dungeon.
You visited 1 branch of the dungeon, and saw 5 of its levels.
You also visited: Sewer.

You collected 267 gold pieces.

Inventory:

Hand Weapons
 a - a +0 shortbow
 c - a +3 antimagic flail (weapon)
 h - a +0 dagger of speed
 l - a +1 whip of venom
 p - a +1 dagger of pain
 s - a +2 short sword of venom
 E - a +7 hand axe of freezing
 F - a +3 quarterstaff of chaos
Missiles
 g - 36 poisoned darts (quivered)
 D - 4 atropa-tipped darts
Armour
 n - a +2 helmet
 w - a +0 cloak (worn)
 B - a +3 chain mail of poison resistance (worn)
Jewellery
 m - a +6 ring of dexterity (left hand)
Wands
 f - a wand of charming (6)
 A - a wand of digging (8)
Scrolls
 b - a scroll of immolation
 e - a scroll of magic mapping
 j - 2 scrolls of teleportation
 q - 2 scrolls of fear
 t - 2 scrolls of enchant armour
 v - a scroll of amnesia
 x - a scroll of torment
 y - a scroll of identify
Potions
 d - a potion of brilliance
 i - a potion of degeneration {unknown}
 k - a potion of cancellation
 o - 2 potions of resistance {unknown}
 r - a potion of invisibility {unknown}
 u - a potion of might
 z - 3 potions of flight {unknown}
 C - a potion of lignification {unknown}


   Skills:
 + Level 4.4 Fighting
 * Level 4.8 Short Blades
 + Level 0.1 Maces & Flails
 + Level 7.7 Ranged Weapons
 + Level 4.6 Armour
 + Level 3.1 Dodging
 + Level 1.6 Stealth


You had 7 spell levels left.
You didn't know any spells.
Your spell library contained the following spells:

 Spells                   Type           Power      Damage    Failure   Level
 Ensorcelled Hibernation  Hex/Ice        0%         N/A       100%        2
 Spider Form              Tmut/Pois      0%         N/A       100%        3
 Anguish                  Hex/Necr       0%         N/A       100%        4


Dungeon Overview and Level Annotations

Branches:
Dungeon (5/15)              Sewer (visited)
 Temple: D:4-7

Altars:


Innate Abilities, Weirdness & Mutations

You have a pair of horns on your head.
You reflexively headbutt those who attack you in melee.


Message History

You barely miss the gnoll. The gnoll closely misses you.
The gnoll barely misses you. You furiously retaliate!
You headbutt the gnoll. The gnoll hits you but does no damage.
The gnoll sergeant hits you but does no damage.
You sock the gnoll!
You kill the gnoll!
The gnoll hits you with a +0 flail. The gnoll hits you with a +0 club.
The gnoll sergeant barely misses you.
The gnoll sergeant hits you from afar with a +0 spear of venom.
The gnoll closely misses you. The gnoll hits you but does no damage.
You hit the gnoll.
The gnoll is heavily wounded.
The gnoll sergeant hits you from afar with a +0 spear of venom.
You are poisoned.
The gnoll hits you with a +0 flail. The gnoll barely misses you.
You furiously retaliate!
You headbutt the gnoll!
You kill the gnoll!
You feel very sick.
The gnoll sergeant hits you but does no damage.
Things that are here:
a +0 club; a throwing net; a gnoll corpse You feel very sick.
The gnoll sergeant hits you with a +0 spear of venom.
* * * LOW HITPOINT WARNING * * *
The gnoll hits you with a +0 flail.
* * * LOW HITPOINT WARNING * * *
You sock the gnoll sergeant!
The gnoll sergeant is moderately wounded.
You feel sick. The gnoll barely misses you. You furiously retaliate!
You headbutt the gnoll!
The gnoll sergeant hits you with a +0 spear of venom.
* * * LOW HITPOINT WARNING * * *
Unknown command.
You barely miss the gnoll sergeant.
The gnoll sergeant is moderately wounded.
* * * LOW HITPOINT WARNING * * *
You feel sick. The gnoll hits you with a +0 flail.
* * * LOW HITPOINT WARNING * * *
The gnoll sergeant hits you with a +0 spear of venom!
You die...

#####
#<).+
#)@g#
#g..#
#...#
##..#
###..#
......
.....
##..##
#..####


You could see a gnoll sergeant and a gnoll.

Vanquished Creatures
  A phantom (D:5)
  A centaur (D:3)
  5 kobold brigands (Sewer)
  2 wights (D:5)
  A jelly (D:4)
  A hound (D:4)
  Crazy Yiuf (D:4)
  Jessica (D:2)
  2 iguanas
  Ijyb (D:4)
  Robin (D:2)
  11 gnolls
  5 adders
  2 river rats (Sewer)
  An ufetubus (D:4)
  4 worms
  A dart slug (D:3)
  6 orcs
  8 ball pythons
  5 bats
  9 endoplasms
  8 giant cockroaches
  16 goblins
  3 hobgoblins
  11 kobolds
  5 quokkas
  2 frilled lizards
  7 rats
121 creatures vanquished.

Notes
Turn   | Place    | Note
-------+----------+-------------------------------------------
     0 | D:1      | Rocko1345 the Minotaur Hunter began the quest for the Orb.
     0 | D:1      | Reached XP level 1. HP: 18/18 MP: 0/0
   256 | D:1      | Reached XP level 2. HP: 25/25 MP: 1/1
   397 | D:1      | Reached skill level 5 in Ranged Weapons
   896 | D:2      | Reached XP level 3. HP: 16/30 MP: 2/2
  1110 | D:2      | Noticed Robin
  1132 | D:2      | Reached skill level 1 in Armour
  1146 | D:2      | Killed Robin
  1544 | D:2      | Noticed Jessica
  1548 | D:2      | Killed Jessica
  1549 | D:2      | Reached XP level 4. HP: 32/37 MP: 3/3
  1849 | D:3      | Noticed a centaur
  2060 | D:3      | Reached skill level 1 in Short Blades
  2133 | D:3      | Found a glowing drain.
  2152 | D:3      | Reached skill level 6 in Ranged Weapons
  2155 | Sewer    | Entered a sewer
  2203 | Sewer    | Noticed a kobold brigand
  2224 | Sewer    | Killed a kobold brigand
  2225 | Sewer    | Reached skill level 1 in Stealth
  2225 | Sewer    | Reached XP level 5. HP: 14/45 MP: 4/4
  2527 | Sewer    | Reached XP level 6. HP: 51/51 MP: 5/5
  3031 | Sewer    | Reached XP level 7. HP: 50/58 MP: 6/6
  3378 | D:3      | Found a faded altar of an unknown god.
  4252 | D:4      | Noticed Ijyb
  4266 | D:4      | Killed Ijyb
  4267 | D:4      | Reached skill level 7 in Ranged Weapons
  4771 | D:4      | Found a runed translucent door.
  4772 | D:4      | Noticed Crazy Yiuf
  4900 | D:4      | Killed Crazy Yiuf
  4943 | D:5      | Entered Level 5 of the Dungeon
  5146 | D:5      | Reached XP level 8. HP: 14/61 MP: 2/7
  5489 | D:5      | Slain by a gnoll sergeant

Illustrated notes

Levels and vault maps discovered:
D:1:      minmay_arrival_diagonal_passages, layout_basic
D:2:      layout_loops_ring, uniq_jessica, uniq_robin
D:3:      layout_basic, gup_sewer_entry_pipe, ebering_ecumenical_altar_mist
D:4:      layout_cave_pools, uniq_crazy_yiuf_cottage, uniq_ijyb
D:5:      layout_gridville, serial_rivers, chequers_serial_rivers_micro_e,
          chequers_serial_rivers_micro_c, chequers_serial_rivers_room_b,
          chequers_serial_rivers_large_a, chequers_serial_rivers_small_3

Skill      XL: |  1  2  3  4  5  6  7 |
---------------+----------------------+-----
Ranged Weapons | 5 6 7 |  7.7
Armour         | 1 2 3 4 |  4.6
Short Blades   | 1 2 3 4 |  4.8
Fighting       | 3 4 |  4.4
Stealth        | 1 |  1.6
Dodging        | 3 |  3.1
Maces & Flails | |  0.1

Action                     |  1- 3 |  4- 6 |  7- 9 || total
---------------------------+-------+-------+-------++-------
  Melee: Dagger            |    35 |    46 |       ||    81
         Headbutt          |     6 |    22 |    30 ||    58
         Short sword       |       |    69 |   105 ||   174
         Punch             |       |     1 |       ||     1
         Flail             |       |       |    17 ||    17
   Fire: Shortbow          |    55 |    40 |    22 ||   117
    Use: Scroll            |       |     5 |     5 ||    10
         Potion            |       |     1 |       ||     1
   Stab: Sleeping          |       |     1 |     1 ||     2
 Armour: Leather armour    |    11 |    14 |     2 ||    27
         Chain mail        |       |       |    27 ||    27
         Ring mail         |       |       |    12 ||    12
  Dodge: Dodged            |    24 |    62 |    61 ||   147

Table legend: (Time is in decaauts)
 A = Elapsed time spent in this place.
 B = Non-inter-level travel time spent in this place.
 C = Inter-level travel time spent in this place.
 D = Time resting spent in this place.
 E = Time spent auto-exploring this place.
 F = Levels seen in this place.
 G = Mean time per level.
                   A        B        C        D        E       F      G
               +--------+--------+--------+--------+--------+-----+--------+
         Total |   5672 |   5281 |    391 |   1199 |   2979 |   6 |  945.3 |
       Dungeon |   4510 |   4119 |    391 |    913 |   2501 |   5 |  902.0 |
         Sewer |   1161 |   1161 |      0 |    286 |    477 |   1 | 1161.0 |
               +--------+--------+--------+--------+--------+-----+--------+

Top non-repeatable levels by time:
     D:3: 1364 daAuts
   Sewer: 1161 daAuts
     D:2: 1030 daAuts
     D:4: 965 daAuts
     D:1: 755 daAuts
     D:5: 394 daAuts
